MLB
LOS ANGELES DODGERS @ SAN FRANCISCO GIANTS
08/02/2048
 
TOP OF THE 1ST
Los Angeles Dodgers batting - Pitching for San Francisco Giants : RHP Tim Welshman
Pitching: RHP Tim Welshman
Batting: LHB Lirak Bazhunaishvili 0-0: Called Strike
0-1: Ball
1-1: Ball
2-1: Called Strike
2-2: Fly out, F8 (Flyball, 8LD, EV 99.4 MPH)
Batting: RHB Tsutomu Irie 0-0: Ball
1-0: Foul Ball, location: 2F
1-1: SINGLE (Groundball, 6MD, EV 101.9 MPH)
Batting: SHB Shane Marcum 0-0: Foul Ball, location: 2F
0-1: Ball
Tsutomu Irie steals 2nd base (no throw)
1-1: Foul Ball, location: 2F
1-2: Ball
2-2: Strikes out looking
Batting: SHB Joel Baker 0-0: Called Strike
0-1: Foul Ball, location: 2F
0-2: Ball
1-2: Ground out 3-1 (Groundball, 34, EV 88.8 MPH)
Top of the 1st over - 0 runs, 1 hit, 0 errors, 1 left on base; Los Angeles 0 - San Francisco 0
BOTTOM OF THE 1ST
San Francisco Giants batting - Pitching for Los Angeles Dodgers : RHP Michael Walsh
Pitching: RHP Michael Walsh
Batting: LHB Andy Bowman 0-0: Fly out, F4 (Popup, 23, EV 91.2 MPH)
Batting: RHB Lucan Esini 0-0: Called Strike
0-1: Called Strike
0-2: Ground out 5-3 (Groundball, 5L, EV 100.6 MPH)
Batting: RHB Sean Zielinski 0-0: Ground out U3 (Groundball, 34, EV 91.2 MPH)
Bottom of the 1st over - 0 runs, 0 hits, 0 errors, 0 left on base; Los Angeles 0 - San Francisco 0
TOP OF THE 2ND
Los Angeles Dodgers batting - Pitching for San Francisco Giants : RHP Tim Welshman
Batting: LHB Juan Concepcion 0-0: Ball
1-0: Swinging Strike
1-1: Ball
2-1: Ball
3-1: Base on Balls
Batting: RHB Danny Dyer 0-0: Swinging Strike
0-1: Ball
1-1: Ball
2-1: Ground out 5-3 (Groundball, 5S, EV 65.6 MPH)
Juan Concepcion to second
Batting: LHB Stephen Van Raalte 0-0: Called Strike
0-1: Ground out 4-3 (Groundball, 4, EV 105.0 MPH)
Juan Concepcion to third
Batting: RHB Ben Mischnick 0-0: Ball
1-0: Ball
2-0: SINGLE (Line Drive, 56D, EV 97.5 MPH)
Juan Concepcion scores
Batting: RHB Leonardo Nava 0-0: Ball
1-0: Ball
2-0: Foul Ball, location: 2F
2-1: Foul Ball, location: 2F
2-2: Strikes out swinging
Top of the 2nd over - 1 run, 1 hit, 0 errors, 1 left on base; Los Angeles 1 - San Francisco 0
BOTTOM OF THE 2ND
San Francisco Giants batting - Pitching for Los Angeles Dodgers : RHP Michael Walsh
Batting: LHB Jack Henningar 0-0: Foul Ball, location: 2F
0-1: Foul Ball, location: 2F
0-2: Ball
1-2: SOLO HOME RUN (Flyball, 7D, EV 98.1 MPH), Distance : 383 ft
Batting: LHB Carey Horncole 0-0: Ball
1-0: Ball
2-0: Ball
3-0: Called Strike
3-1: Fly out, F7 (Flyball, 7S, EV 88.1 MPH)
Batting: SHB Ryan Doss 0-0: Ball
1-0: Ball
2-0: Ball
3-0: Base on Balls
Batting: LHB Tom Best 0-0: Ball
1-0: Hit by Pitch
Ryan Doss to second
Batting: SHB Bill Dooms 0-0: Ball
1-0: Grounds into double play, 4-6-3 (Groundball, 4, EV 85.0 MPH)
Bottom of the 2nd over - 1 run, 1 hit, 0 errors, 1 left on base; Los Angeles 1 - San Francisco 1
TOP OF THE 3RD
Los Angeles Dodgers batting - Pitching for San Francisco Giants : RHP Tim Welshman
Batting: LHB Lirak Bazhunaishvili 0-0: Ball
1-0: Called Strike
1-1: Foul Ball, location: 2F
1-2: Ball
2-2: Foul Ball, location: 2F
2-2: SOLO HOME RUN (Flyball, 7LD, EV 94.4 MPH), Distance : 344 ft
Batting: RHB Tsutomu Irie 0-0: Called Strike
0-1: Called Strike
0-2: Fly out, F7 (Flyball, 7LD, EV 93.8 MPH)
Batting: SHB Shane Marcum 0-0: Ball
1-0: Fly out, F7 (Line Drive, 78M, EV 86.9 MPH)
Batting: SHB Joel Baker 0-0: Ball
1-0: Called Strike
1-1: Fly out, F8 (Flyball, 8RD, EV 95.6 MPH)
Top of the 3rd over - 1 run, 1 hit, 0 errors, 0 left on base; Los Angeles 2 - San Francisco 1
BOTTOM OF THE 3RD
San Francisco Giants batting - Pitching for Los Angeles Dodgers : RHP Michael Walsh
Batting: LHB John Blair 0-0: Called Strike
0-1: Foul Ball, location: 2F
0-2: SINGLE (Groundball, 4MD, EV 101.2 MPH)
Batting: LHB Andy Bowman 0-0: Called Strike
0-1: Called Strike
0-2: Ball
1-2: Ball
Wild Pitch!
John Blair to second
2-2: Ball
3-2: Ground out 6-3 (Groundball, 6, EV 83.8 MPH)
John Blair to third
Batting: RHB Lucan Esini 0-0: Reached on error, E3 (Groundball, 34, EV 109.4 MPH)
John Blair scores
Batting: RHB Sean Zielinski 0-0: Foul Ball, location: 2F
0-1: Ball
1-1: Ball
2-1: Ball
3-1: Base on Balls
Lucan Esini to second
Batting: LHB Jack Henningar 0-0: Called Strike
0-1: Grounds into double play, 4-6-3 (Groundball, 4, EV 108.8 MPH)
Bottom of the 3rd over - 1 run, 1 hit, 1 error, 1 left on base; Los Angeles 2 - San Francisco 2
TOP OF THE 4TH
Los Angeles Dodgers batting - Pitching for San Francisco Giants : RHP Tim Welshman
Batting: LHB Juan Concepcion 0-0: Called Strike
0-1: Swinging Strike
0-2: Strikes out swinging
Batting: RHB Danny Dyer 0-0: Ball
1-0: Foul Ball, location: 2F
1-1: Ball
2-1: Ground out 5-3 (Groundball, 56, EV 108.8 MPH)
Batting: LHB Stephen Van Raalte 0-0: Ball
1-0: Called Strike
1-1: Foul Ball, location: 2F
1-2: Foul Ball, location: 2F
1-2: Ball
2-2: Ball
3-2: Strikes out swinging
Top of the 4th over - 0 runs, 0 hits, 0 errors, 0 left on base; Los Angeles 2 - San Francisco 2
BOTTOM OF THE 4TH
San Francisco Giants batting - Pitching for Los Angeles Dodgers : RHP Michael Walsh
Batting: LHB Carey Horncole 0-0: Swinging Strike
0-1: Ball
1-1: Swinging Strike
1-2: Ball
2-2: Ground out 4-3 (Groundball, 4, EV 101.9 MPH)
Batting: SHB Ryan Doss 0-0: Called Strike
0-1: Ball
1-1: Called Strike
1-2: Foul Ball, location: 2F
1-2: Ball
2-2: Ball
3-2: Ground out 6-3 (Groundball, 4MD, EV 84.4 MPH)
Batting: LHB Tom Best 0-0: Foul Ball, location: 2F
0-1: Ball
1-1: SINGLE (Line Drive, 34D, EV 103.1 MPH)
Batting: SHB Bill Dooms 0-0: Ground out 6-3 (Groundball, P, EV 85.0 MPH)
Bottom of the 4th over - 0 runs, 1 hit, 0 errors, 1 left on base; Los Angeles 2 - San Francisco 2
TOP OF THE 5TH
Los Angeles Dodgers batting - Pitching for San Francisco Giants : RHP Tim Welshman
Batting: RHB Ben Mischnick 0-0: Called Strike
0-1: Fly out, F6 (Popup, 6, EV 51.9 MPH)
Batting: RHB Leonardo Nava 0-0: Called Strike
0-1: Called Strike
0-2: Ball
1-2: Strikes out swinging
Batting: LHB Lirak Bazhunaishvili 0-0: Ball
1-0: Called Strike
1-1: DOUBLE (Groundball, 5L, EV 94.4 MPH)
Batting: RHB Tsutomu Irie 0-0: Called Strike
0-1: Ball
1-1: Foul Ball, location: 2F
1-2: Ball
2-2: Strikes out swinging
Top of the 5th over - 0 runs, 1 hit, 0 errors, 1 left on base; Los Angeles 2 - San Francisco 2
BOTTOM OF THE 5TH
San Francisco Giants batting - Pitching for Los Angeles Dodgers : RHP Michael Walsh
Batting: LHB John Blair 0-0: Ball
1-0: SOLO HOME RUN (Flyball, 8RXD, EV 105.6 MPH), Distance : 412 ft
Batting: LHB Andy Bowman 0-0: Foul Ball, location: 2F
0-1: Foul Ball, location: 2F
0-2: Strikes out swinging
Batting: RHB Lucan Esini 0-0: Ball
1-0: Foul Ball, location: 2F
1-1: Ball
2-1: Foul Ball, location: 2F
2-2: Foul Ball, location: 2F
2-2: Foul Ball, location: 2F
2-2: Ground out 5-3 (Groundball, 5L, EV 83.1 MPH)
Batting: RHB Sean Zielinski 0-0: Ball
1-0: Ball
2-0: Swinging Strike
2-1: Ball
3-1: Swinging Strike
3-2: Strikes out swinging
Bottom of the 5th over - 1 run, 1 hit, 0 errors, 0 left on base; Los Angeles 2 - San Francisco 3
TOP OF THE 6TH
Los Angeles Dodgers batting - Pitching for San Francisco Giants : RHP Tim Welshman
Batting: SHB Shane Marcum 0-0: Ball
1-0: SINGLE (Line Drive, 78S, EV 103.8 MPH)
Batting: SHB Joel Baker 0-0: Called Strike
0-1: Ball
1-1: Ball
2-1: Foul Ball, location: 2F
2-2: Foul Ball, location: 2F
2-2: Strikes out swinging
Batting: LHB Juan Concepcion 0-0: Ball
1-0: Called Strike
1-1: Foul Ball, location: 2F
1-2: Foul Ball, location: 2F
1-2: Foul Ball, location: 2F
1-2: Ball
2-2: Fly out, F8 (Line Drive, 8LM, EV 95.0 MPH)
Batting: RHB Danny Dyer 0-0: Ball
Shane Marcum is caught stealing 2nd base 2-4
Top of the 6th over - 0 runs, 1 hit, 0 errors, 0 left on base; Los Angeles 2 - San Francisco 3
BOTTOM OF THE 6TH
San Francisco Giants batting - Pitching for Los Angeles Dodgers : RHP Michael Walsh
Batting: LHB Jack Henningar 0-0: Ground out 4-3 (Groundball, 4S, EV 70.0 MPH)
Batting: LHB Carey Horncole 0-0: Foul Ball, location: 2F
0-1: Ball
1-1: Ball
2-1: Ball
3-1: Foul Ball, location: 2F
3-2: Foul Ball, location: 2F
3-2: Foul Ball, location: 2F
3-2: Strikes out swinging
Batting: SHB Ryan Doss 0-0: Foul Ball, location: 2F
0-1: Ball
1-1: Called Strike
1-2: Fly out, F9 (Flyball, 9, EV 89.4 MPH)
Bottom of the 6th over - 0 runs, 0 hits, 0 errors, 0 left on base; Los Angeles 2 - San Francisco 3
TOP OF THE 7TH
Los Angeles Dodgers batting - Pitching for San Francisco Giants : RHP Tim Welshman
Pitching: LHP Tyler Stancil
Batting: RHB Danny Dyer 0-0: Called Strike
0-1: Ground out 6-3 (Groundball, 56, EV 88.1 MPH)
Pinch Hitting: RHB Tim Nettles 0-0: Swinging Strike
0-1: Ball
1-1: Swinging Strike
1-2: Strikes out swinging
Batting: RHB Ben Mischnick 0-0: Called Strike
0-1: Ball
1-1: Foul Ball, location: 2F
1-2: Ball
2-2: Fly out, F8 (Flyball, 8LXD, EV 99.4 MPH)
Top of the 7th over - 0 runs, 0 hits, 0 errors, 0 left on base; Los Angeles 2 - San Francisco 3
BOTTOM OF THE 7TH
San Francisco Giants batting - Pitching for Los Angeles Dodgers : RHP Michael Walsh
Now in LF: Tim Nettles
Batting: LHB Tom Best 0-0: Foul Ball, location: 2F
0-1: Foul Ball, location: 2F
0-2: Ball
1-2: Strikes out looking
Batting: SHB Bill Dooms 0-0: Ball
1-0: Foul Ball, location: 2F
1-1: SINGLE (Groundball, 34S, EV 63.8 MPH) (infield hit)
Pitching: RHP Joon-ho Rhee
Batting: LHB John Blair 0-0: Called Strike
Bill Dooms steals 2nd base
0-1: Ground out U3 (Groundball, 34S, EV 89.4 MPH)
Bill Dooms to third
Batting: LHB Andy Bowman 0-0: Called Strike
0-1: Ball
1-1: Foul Ball, location: 2F
1-2: Ball
2-2: Fly out, F7 (Flyball, 78S, EV 89.4 MPH)
Bottom of the 7th over - 0 runs, 1 hit, 0 errors, 1 left on base; Los Angeles 2 - San Francisco 3
TOP OF THE 8TH
Los Angeles Dodgers batting - Pitching for San Francisco Giants : LHP Tyler Stancil
Pitching: LHP Caleb Mullinax
Batting: RHB Leonardo Nava 0-0: Fly out, F9 (Flyball, 9D, EV 88.1 MPH)
Batting: LHB Lirak Bazhunaishvili 0-0: Ball
1-0: Called Strike
1-1: Ground out 4-3 (Groundball, 4, EV 81.9 MPH)
Batting: RHB Tsutomu Irie 0-0: Called Strike
0-1: Foul Ball, location: 2F
0-2: Ball
1-2: Strikes out looking
Top of the 8th over - 0 runs, 0 hits, 0 errors, 0 left on base; Los Angeles 2 - San Francisco 3
BOTTOM OF THE 8TH
San Francisco Giants batting - Pitching for Los Angeles Dodgers : RHP Joon-ho Rhee
Batting: RHB Lucan Esini 0-0: Fly out, F7 (Flyball, 7D, EV 107.5 MPH)
Batting: RHB Sean Zielinski 0-0: Foul Ball, location: 2F
0-1: Ball
1-1: Ball
2-1: Foul Ball, location: 2F
2-2: Strikes out swinging
Batting: LHB Jack Henningar 0-0: Called Strike
0-1: Ball
1-1: Ball
2-1: SOLO HOME RUN (Flyball, 9D, EV 104.4 MPH), Distance : 388 ft
Batting: LHB Carey Horncole 0-0: Ball
1-0: SINGLE (Groundball, 56D, EV 97.5 MPH)
Batting: SHB Ryan Doss 0-0: Fly out, F9 (Flyball, 89S, EV 80.6 MPH)
Bottom of the 8th over - 1 run, 2 hits, 0 errors, 1 left on base; Los Angeles 2 - San Francisco 4
TOP OF THE 9TH
Los Angeles Dodgers batting - Pitching for San Francisco Giants : LHP Caleb Mullinax
Batting: SHB Shane Marcum 0-0: Foul Ball, location: 2F
0-1: Ball
1-1: Fly out, F9 (Flyball, 89M, EV 90.0 MPH)
Batting: SHB Joel Baker 0-0: Ground out 5-3 (Groundball, 5, EV 82.5 MPH)
Batting: RHB Clay Buchanan 0-0: Ball
1-0: Swinging Strike
1-1: Ball
2-1: Ball
3-1: Called Strike
3-2: Foul Ball, location: 2F
3-2: Foul Ball, location: 2F
3-2: Foul Ball, location: 2F
3-2: Base on Balls
Batting: RHB Danny Dyer 0-0: Ball
1-0: Called Strike
1-1: Foul Ball, location: 2F
1-2: Ball
2-2: Fly out, F8 (Flyball, 89S, EV 81.9 MPH)
Top of the 9th over - 0 runs, 0 hits, 0 errors, 1 left on base; Los Angeles 2 - San Francisco 4
Tuesday, March 28th , 2023 - OOTP Baseball 23.10 Build 110